 Dungeon Crawl Stone Soup version 0.20.1-1-g8b1a95d (webtiles) character file.

225 Jukra the Magician (level 5, -3/38 HPs)
             Began as a Draconian Wizard on Sept 11, 2017.
             Slain by a bullfrog skeleton (4 damage)
             ... on level 5 of the Dungeon.
             The game lasted 00:16:59 (3284 turns).

Jukra the Magician (Draconian Wizard)               Turns: 3284, Time: 00:16:59

Health: -3/38      AC:  6    Str:  9    XL:     5   Next: 68%
Magic:  10/11      EV: 12    Int: 20    God:
Gold:   288        SH:  0    Dex:  9    Spells: 1/12 levels left

rFire    + . .     SeeInvis .   A - staff of wizardry
rCold    . . .     Gourm    .   (no shield)
rNeg     . . .     Faith    .   (armour unavailable)
rPois    .         Spirit   .   a - +0 hat
rElec    .         Reflect  .   (no cloak)
rCorr    .         Harm     .   u - +0 pair of gloves
MR       .....                  (no boots)
Stlth    ++........             (no amulet)
Regen    0.2/turn               (no ring)
MPRegen  0.2/turn               o - ring of protection from fire

@: no status effects
A: unfitting armour, cold-blooded, AC +5
a: no special abilities


You were on level 5 of the Dungeon.
You were hungry.

You visited 1 branch of the dungeon, and saw 5 of its levels.

You collected 288 gold pieces.

Inventory:

Hand Weapons
 e - a +0 dagger
 i - a +2 mace of protection
 n - a +0 hand axe
 q - a +3 spear
 y - a +1 trident of piercing
Armour
 a - a +0 hat (worn)
 d - a +0 robe
 u - a +0 pair of gloves (worn)
Magical Staves
 A - an uncursed staff of wizardry (weapon)
Jewellery
 f - an uncursed ring of fire
 o - a ring of protection from fire (right hand)
Wands
 w - a wand of iceblast (11/15)
Scrolls
 h - 2 scrolls of amnesia
 k - 3 scrolls of identify
 l - a scroll of enchant armour {unknown}
 s - 2 scrolls of remove curse
 t - 2 scrolls of magic mapping {unknown}
 x - a scroll of teleportation {unknown}
Potions
 c - 2 potions of curing {unknown}
 g - 2 potions of heal wounds {unknown}
 m - 2 potions of agility {unknown}
 p - a potion of mutation {unknown}
 r - a potion of might {unknown}
 v - a potion of lignification {unknown}
 B - a potion of resistance {unknown}
 C - a potion of flight {unknown}
Books
 b - a book of Minor Magic

   Spells                             Type                      Level
   a - Magic Dart                     Conjuration                  1
   b - Blink                          Translocation                2
   c - Call Imp                       Summoning                    2
   d - Slow                           Hexes                        2
   e - Conjure Flame                  Conjuration/Fire             3
   f - Mephitic Cloud                 Conjuration/Poison/Air       3
Comestibles
 j - 2 bread rations
 z - a meat ration
 D - 2 royal jellies


   Skills:
 + Level 0.2 Fighting
 + Level 0.4 Maces & Flails
 + Level 2.4 Polearms
 + Level 2.6 Dodging
 + Level 2.0 Stealth
 + Level 4.3 Spellcasting
 + Level 2.4 Conjurations
 + Level 1.0 Summonings
 + Level 1.0 Translocations


You had one spell level left.
You knew the following spells:

 Your Spells              Type           Power        Failure   Level  Hunger
a - Magic Dart            Conj           ##..         1%          1    None
b - Call Imp              Summ           #.......     4%          2    #......
c - Blink                 Tloc           N/A          4%          2    #......
d - Conjure Flame         Conj/Fire      #.......     9%          3    ###....
e - Mephitic Cloud        Conj/Pois/Air  #.......     11%         3    ###....


Dungeon Overview and Level Annotations

Branches:
Dungeon (5/15)
 Temple: D:4-7

Altars:


Innate Abilities, Weirdness & Mutations

Your plain brown scales are hard. (AC +5)
You cannot fit into any form of body armour.
You are cold-blooded and may be slowed by cold attacks.


Message History

You blink.
The bullfrog skeleton hits you.
* * * LOW HITPOINT WARNING * * *
The bullfrog skeleton hits you but does no damage.
The adder bites you but does no damage.
Found a smoky puce potion.
The bullfrog skeleton hits you but does no damage.
The bullfrog skeleton barely misses you.
The bullfrog skeleton hits you but does no damage.
The bullfrog skeleton hits you.
* * * LOW HITPOINT WARNING * * *
The bullfrog skeleton barely misses you.
You hit the bullfrog skeleton.
The bullfrog skeleton is lightly damaged.
The bullfrog skeleton barely misses you.
You barely miss the bullfrog skeleton.
The bullfrog skeleton is lightly damaged.
The bullfrog skeleton hits you.
* * * LOW HITPOINT WARNING * * *
The bullfrog skeleton hits you.
You die...

#.#.#####..#.#
#.#.#####..#.#
#.......#..#.#
####.#.##.##.$#.#
#.............#.#
#.##.##.#.##.##.#
# #S...#.##.##[#
#Z####. #.##.#
#@# .. #.##S# #.#
#. #.##.# #.# #.
#.##.# #.# #.
#....# #.# ######
#.# #.# #.#


You could see an adder and a bullfrog skeleton.

Vanquished Creatures
  2 scorpions (D:4)
  Ijyb (D:3)
  3 adders (D:2)
  An ooze (D:3)
  A worm (D:2)
  2 dart slugs
  7 leopard geckos
  3 orcs
  3 ball pythons
  3 giant cockroaches
  6 goblins
  2 hobgoblins (D:3)
  5 jackals
  10 bats
  6 frilled lizards
  7 kobolds
  6 rats
68 creatures vanquished.

Notes
Turn   | Place    | Note
-------+----------+-------------------------------------------
     0 | D:1      | Jukra the Draconian Wizard began the quest for the Orb.
     0 | D:1      | Reached XP level 1. HP: 14/14 MP: 4/4
   299 | D:1      | Reached XP level 2. HP: 20/20 MP: 1/6
   606 | D:1      | Learned a level 2 spell: Call Imp
   609 | D:1      | Learned a level 2 spell: Blink
  1133 | D:2      | Reached XP level 3. HP: 26/26 MP: 2/8
  1742 | D:2      | Reached XP level 4. HP: 33/33 MP: 5/9
  1924 | D:2      | Reached skill level 4 in Spellcasting
  2194 | D:3      | Noticed Ijyb
  2220 | D:3      | Killed Ijyb
  2271 | D:3      | Reached skill level 1 in Polearms
  2714 | D:4      | Reached XP level 5. HP: 38/38 MP: 1/11
  2963 | D:4      | Learned a level 3 spell: Conjure Flame
  2967 | D:4      | Learned a level 3 spell: Mephitic Cloud
  3187 | D:5      | Entered Level 5 of the Dungeon
  3220 | D:5      | Noticed an ogre
  3284 | D:5      | HP: 1/38 [bullfrog skeleton (3)]
  3284 | D:5      | Slain by a bullfrog skeleton

Skill      XL: |  1  2  3  4  5 |
---------------+----------------+-----
Dodging        | 2 |  2.6
Spellcasting   | 4 |  4.3
Conjurations   | 2 |  2.4
Polearms       | 1 2 |  2.4
Stealth        | 2 |  2.0
Fighting       | |  0.2
Maces & Flails | |  0.4
Summonings     | |  1.0
Translocations | |  1.0

Action                   |  1- 3 |  4- 6 || total
-------------------------+-------+-------++-------
Melee: Mace              |    19 |       ||    19
       Tailslap          |     3 |     3 ||     6
       Spear             |    16 |    44 ||    60
       Staff             |       |     4 ||     4
       Trident           |       |     1 ||     1
 Cast: Magic Dart        |    79 |    69 ||   148
       Blink             |       |     4 ||     4
       Call Imp          |       |     1 ||     1
  Use: Scroll            |       |     7 ||     7
  Eat: Bread ration      |     1 |       ||     1
       Chunk             |       |     2 ||     2
Armor: Skin              |    24 |    22 ||    46
Dodge: Dodged            |    33 |    32 ||    65
